AoeStats
← Jobington

Arabia

510634833Analyzed
2v2 RM · 10h ago on Oct 1, 2026· 45m 40s· 4 players
Game mode
Random Map
Map size
Medium (4 player)
Population
200
Speed
Normal
Resources
Standard
Victory
Conquest
Starting age
Dark Age
Ending age
Imperial Age
RankedLock teamsTeams togetherTeam positionsShared explorationLock speedFull tech treeHidden civsTurbo modeCheats
Victory
Defeat
🇬🇧 Bengalis · United Kingdom
1185
+16
🇦🇺 Bulgarians · Australia
1172
+17
🇦🇷 Wei · Argentina
1211
-17
🇦🇷 Maya · Argentina
1179
-16
Jobington
8:08 Loom
10:35 Feudal Age
11:13 Double-Bit Axe
11:11 Horse Collar
15:11 Fletching
15:22 Padded Archer Armor
21:15 Castle Age
20:32 Gold Mining
23:04 Bodkin Arrow
23:24 Leather Archer Armor
24:01 Gold Shaft Mining
25:57 Ballistics
42:29 Paiks
45:17 Imperial Age
45:51 Wheelbarrow
45:34 Stone Mining
CHUPA <AUS>
0:31 Loom
11:07 Feudal Age
12:46 Scale Mail Armor
13:51 Forging
15:54 Arson
23:43 Castle Age
29:08 Iron Casting
29:11 Squires
29:45 Horse Collar
29:51 Double-Bit Axe
30:32 Chain Mail Armor
29:40 Pikeman
34:33 Heavy Plow
37:34 Scale Barding Armor
37:20 Fletching
41:38 Imperial Age
39:38 Husbandry
39:48 Bloodlines
40:02 Chain Barding Armor
42:37 Wheelbarrow
41:47 Town Watch
42:00 Bodkin Arrow
42:41 Conscription
42:45 Conscription
45:31 Blast Furnace
45:33 Plate Barding Armor
46:32 Plate Mail Armor
MatuAKD
0:26 Loom
10:56 Feudal Age
12:10 Double-Bit Axe
14:55 Fletching
22:36 Castle Age
22:44 Forging
22:36 Scale Mail Armor
23:33 Chain Mail Armor
23:23 Gold Mining
23:24 Eagle Warrior
25:38 Forging
29:08 Squires
36:47 Bodkin Arrow
Tio Iroh
7:33 Loom
10:08 Feudal Age
10:45 Double-Bit Axe
14:31 Gold Mining
16:55 Wheelbarrow
19:50 Castle Age
21:26 Bloodlines
21:27 Scale Barding Armor
25:00 Horse Collar
27:10 Forging
28:32 Iron Casting
28:15 Heavy Plow
37:00 Imperial Age
35:11 Chain Barding Armor
38:14 Conscription
39:09 Fletching
39:31 Tuntian
Connection lost

Rejoining the realm…

Still unreachable

The connection could not be restored.

Session expired

The server has moved on; the page needs a fresh start.